 Dungeon Crawl Stone Soup version 0.26.1-11-gd32895ea62 (webtiles) character file.

Game seed: 14674775002795973104

138 jlumianski the Caller (level 5, 0/21 HPs)
             Began as a Felid Summoner on May 28, 2021.
             Succumbed to a water moccasin's poison
             ... on level 3 of the Dungeon.
             The game lasted 00:30:01 (5997 turns).

jlumianski the Caller (Felid Summoner)              Turns: 5997, Time: 00:30:02

Health: 0/21       AC:  2    Str:  4    XL:     5   Next: 1%
Magic:  5/12       EV: 18    Int: 19    God:
Gold:   138        SH:  0    Dex: 16    Spells: 6/12 levels left
                                        Lives:  0   Deaths: 1

rFire    + . .     SeeInvis +   (weapon unavailable)
rCold    . . .     Faith    .   (shield unavailable)
rNeg     . . .     Spirit   .   (armour unavailable)
rPois    .         Reflect  .   (helmet unavailable)
rElec    .         Harm     .   (cloak unavailable)
rCorr    .         Rampage  .   (gloves unavailable)
Will     .....                  (boots unavailable)
Stlth    +++.......             (no amulet)
HPRegen  0.07/turn              o - ring of protection from fire
MPRegen  0.13/turn              (no ring)

@: lethally poisoned (0 -> -10), quick
A: very small, no armour, no weapons or thrown items, stealth, claws 1, fangs 3,
see invisible, speed 1, shaggy fur 2, sharp paws
a: no special abilities


You were on level 3 of the Dungeon.
You visited 1 branch of the dungeon, and saw 4 of its levels.

You collected 138 gold pieces.

Inventory:

Jewellery
 h - an uncursed amulet of faith
 o - a ring of protection from fire (left paw)
Wands
 m - a wand of enslavement (5)
Scrolls
 d - 6 scrolls of remove curse {unknown}
 f - a scroll of noise {unknown}
 g - a scroll of magic mapping {unknown}
 i - a scroll of identify
 k - a scroll of enchant armour {unknown}
 l - a scroll of blinking {unknown}
 p - a scroll of amnesia {unknown}
Potions
 a - 2 potions of brilliance {unknown}
 b - a potion of flight
 c - a potion of haste
 e - a potion of berserk rage
 j - 2 potions of curing
 n - a potion of lignification


   Skills:
 + Level 0.1 Fighting
 + Level 3.0 Dodging
 + Level 3.4 Stealth
 + Level 0.7 Unarmed Combat
 + Level 4.0 Spellcasting
 + Level 5.6 Summonings


You had 6 spell levels left.
You knew the following spells:

 Your Spells              Type           Power        Failure   Level
a - Summon Small Mammal   Summ           100%         1%          1
b - Call Imp              Summ           25%          1%          2
c - Call Canine Familiar  Summ           25%          4%          3

Your spell library contained the following spells:

 Spells                   Type           Power        Failure   Level
 Summon Guardian Golem    Hex/Summ       14%          13%         3
 Animate Skeleton         Necr           6%           14%         1
 Apportation              Tloc           6%           14%         1
 Corona                   Hex            3%           14%         1
 Summon Ice Beast         Ice/Summ       14%          38%         4
 Summon Lightning Spire   Summ/Air       14%          38%         4


Dungeon Overview and Level Annotations

Branches:
Dungeon (4/15)
 Temple: D:4-7

Altars:
Qazlal

Annotations:
D:4 Dowan, Duvessa


Innate Abilities, Weirdness & Mutations

You cannot wear armour.
You are incapable of wielding weapons or throwing items.
Your paws allow you to move quietly. (Stealth)
You have sharp claws.
You have razor-sharp teeth.
You have supernaturally acute eyesight. (SInv)
You cover ground quickly.
You are covered in thick fur. (AC +2)
Your sharp claws are effective at attacking unaware monsters.


Message History

Confirm with . or Enter, or press ? or * to list all spells.
The water moccasin bites you.
* * * LOW HITPOINT WARNING * * *
Your hound misses the water moccasin.
You swap places.
Your bat misses the water moccasin. The water moccasin bites your bat.
Your bat is poisoned.
The water moccasin poisons your bat!
Your hound closely misses the water moccasin.
Your bat hits the water moccasin but does no damage.
Your bat dies!
Your bat's corpse disappears in a puff of smoke!
Your hound completely misses the water moccasin.
Casting: Summon Small Mammal (safe; 1% risk of failure)
Confirm with . or Enter, or press ? or * to list all spells.
The water moccasin bites you.
* * * LOW HITPOINT WARNING * * *
You are lethally poisoned!
The water moccasin poisons you!
You die...

#####..##.#..##r#
.......##.#..##h#
######.#.....##S#
#.#..#.###†#
######.#.......r#
...>........#####
............#
######################
..[...o.o....hS.@b...#
.####.####.####.####.#
.'..#.#).+.'.†#.#..#.#
.#..#.#..#.#..#.#..#.#
.##'#.##'#.##+#.##'#.#
.[..........(........#
.##'#.##+#.##+#.##'#.########
.#..#.#..#.#..#.#..#.#......#
.#..'.'..#.#..'.+..#.######.#


You could see a water moccasin, a friendly hound (summoned) and a friendly bat
(summoned).

Vanquished Creatures
  2 gnolls
  2 leopard geckos (D:4)
  A bat (D:3)
  A goblin (D:2)
  A hobgoblin (D:3)
  A frilled lizard (D:4)
  A kobold (D:2)
  A rat (D:1)
10 creatures vanquished.

Vanquished Creatures (collateral kills)
  Sigmund (D:2)
  An ogre (D:3)
  A scorpion (D:4)
  A worker ant (D:4)
  A gnoll (D:3)
  5 adders
  An ooze (D:4)
  4 worms
  A dart slug (D:2)
  2 leopard geckos (D:1)
  5 orcs
  4 giant cockroaches
  7 goblins
  7 hobgoblins
  9 jackals
  7 kobolds
  3 quokkas
  A ball python (D:2)
  2 bats
  6 frilled lizards
  4 rats
73 creatures vanquished.

Grand Total: 83 creatures vanquished

Notes
Turn   | Place    | Note
-------+----------+-------------------------------------------
     0 | D:1      | jlumianski the Felid Summoner began the quest for the Orb.
     0 | D:1      | Reached XP level 1. HP: 7/7 MP: 4/4
   811 | D:2      | Noticed Sigmund
   843 | D:1      | Reached XP level 2. HP: 11/11 MP: 1/6
   850 | D:1      | Learned a level 2 spell: Call Imp
  1728 | D:2      | Reached XP level 3. HP: 14/14 MP: 0/7
  1732 | D:2      | Learned a level 3 spell: Call Canine Familiar
  2142 | D:2      | Killed Sigmund
  2143 | D:2      | Reached skill level 5 in Summonings
  2143 | D:2      | Reached XP level 4. HP: 18/18 MP: 2/9
  3745 | D:3      | Reached XP level 5. HP: 21/21 MP: 7/11
  4129 | D:3      | Found a stormy altar of Qazlal.
  4394 | D:4      | Noticed Duvessa
  4394 | D:4      | Noticed Dowan
  4670 | D:4      | Noticed an ogre
  4709 | D:3      | Killed an ogre
  5809 | D:4      | Noticed a water moccasin
  5813 | D:4      | Gained mutation: You are covered in thick fur. (AC +2)
                  | [Felid growth]
  5813 | D:4      | Reached XP level 6. HP: 24/24 MP: 2/13
  5854 | D:3      | Slain by a water moccasin
  5855 | D:3      | Reached XP level 5. HP: 0/21 MP: 0/12
  5996 | D:3      | HP: 1/21 [water moccasin (1)]
  5997 | D:3      | Succumbed to a water moccasin's poison

Illustrated notes

Levels and vault maps discovered:
D:1:      saegor_arrival_simple_b, layout_basic, serial_forest,
          infiniplex_forest_clump_long, infiniplex_forest_corner_2,
          infiniplex_forest_clump_tiny, infiniplex_forest_lined_2,
          infiniplex_forest_corner_2, infiniplex_forest_end_2
D:2:      layout_basic, uniq_sigmund
D:3:      minmay_door_path, layout_loops_cross, lemuel_coloured_pillars_altar
D:4:      layout_rooms, grunt_dithmenos_smoke_and_mirrors,
          hangedman_abyss_or_decor_passed, uniq_duvessa

Skill      XL: |  1  2  3  4  5 |
---------------+----------------+-----
Spellcasting   | 3 4 |  4.0
Summonings     | 5 |  5.6
Stealth        | 3 |  3.4
Dodging        | 3 |  3.0
Fighting       | |  0.1
Unarmed Combat | |  0.7

Action                   |  1- 3 |  4- 6 || total
-------------------------+-------+-------++-------
Melee: Unarmed           |    17 |    37 ||    54
       Bite              |     1 |     3 ||     4
 Cast: Summon Small Mamm |    84 |    69 ||   153
       Call Imp          |    16 |    29 ||    45
       Call Canine Famil |     1 |    24 ||    25
  Use: Scroll            |     2 |     1 ||     3
       Potion            |       |     5 ||     5
 Stab: Sleeping          |       |     6 ||     6
       Distracted        |       |     1 ||     1
Armor: Skin              |     2 |     6 ||     8
Dodge: Dodged            |    51 |    54 ||   105
